 Dungeon Crawl Stone Soup version 0.21-a0-273-g0785366 (webtiles) character file.

8124 KnobCreek the Destroyer (level 11, -6/87 HPs)
             Began as a Mummy Conjurer on Sept 16, 2017.
             Was an Initiate of Gozag.
             Mangled by a seven-headed hydra (13 damage)
             ... on level 1 of the Lair of Beasts.
             The game lasted 00:51:11 (15385 turns).

KnobCreek the Destroyer (Mummy Conjurer)           Turns: 15385, Time: 00:51:13

Health: -6/87      AC:  8    Str: 14    XL:     11   Next: 5%
Magic:  1/25       EV: 11    Int: 19    God:    Gozag
Gold:   631        SH:  0    Dex: 12    Spells: 12/30 levels left

rFire    + . .     SeeInvis .   L - +5 scythe "Finisher" {speed, Str+3}
rCold    + . .     Gourm    .   (shield currently unavailable)
rNeg     + + +     Faith    .   M - +0 leather armour {rC+}
rPois    ∞         Spirit   .   s - +0 helmet (curse)
rElec    .         Reflect  .   l - +1 cloak
rCorr    .         Harm     .   x - +0 pair of gloves
MR       +....                  t - +0 pair of boots
Stlth    +.........             (no amulet)
HPRegen  0.24/turn              C - ring of fire
MPRegen  0.19/turn              a - ring of protection from fire

@: very slightly contaminated
A: no food or potions, fire vulnerability, cold resistance 1, negative energy
resistance 3, torment resistance, unbreathing
a: Potion Petition, Call Merchant, Bribe Branch, Renounce Religion


You were on level 1 of the Lair of Beasts.
You worshipped Gozag.
Gozag was pleased with you.
You were not hungry.

You visited 3 branches of the dungeon, and saw 11 of its levels.
You also visited: Sewer.

You collected 1671 gold pieces.
You spent 222 gold pieces at shops.
You paid 818 gold pieces to Gozag.

Inventory:

Hand Weapons
 n - a +0 long sword of draining
 p - a +0 blowgun
 A - a +0 short sword of venom
 K - a +1 vampiric spear
 L - the +5 scythe "Finisher" (weapon) {speed, Str+3}
   (You found it on level 7 of the Dungeon)

   Attacks with this weapon are significantly faster.
   It affects your strength (+3).
 P - a +2 vampiric whip
Missiles
 c - 275 stones
 i - 3 javelins of returning
 o - 8 javelins
 q - 37 poisoned needles
 w - 3 curare-tipped needles
 D - 20 tomahawks (quivered)
 G - 2 needles of sleeping
 H - 7 tomahawks of returning
Armour
 l - a +1 cloak (worn)
 s - a cursed +0 helmet (worn)
 t - a +0 pair of boots (worn)
 x - a +0 pair of gloves (worn)
 F - a +3 ring mail of magic resistance
 M - a +0 leather armour of cold resistance (worn)
Jewellery
 a - a ring of protection from fire (right hand)
 C - a ring of fire (left hand)
Wands
 e - a wand of acid (11/15)
 u - a wand of random effects (14/48)
 z - a wand of polymorph (15/24)
 B - a wand of flame (15/48)
 J - a wand of iceblast (11/15)
 N - a wand of flame (24/48)
 O - a wand of disintegration (19/24)
Scrolls
 h - 2 scrolls of teleportation
 j - 5 scrolls of identify
 k - 7 scrolls of remove curse
 y - 5 scrolls of magic mapping


   Skills:
 * Level 8.3 Fighting
 - Level 1.5 Dodging
 - Level 1.5 Stealth
 - Level 10.0 Spellcasting
 + Level 11.1 Conjurations


You had 12 spell levels left.
You knew the following spells:

 Your Spells              Type           Power        Failure   Level  Hunger
a - Magic Dart            Conj           ####         1%          1    N/A
b - Searing Ray           Conj           ######       1%          2    N/A
c - Iskenderun's Mystic   Conj           ######..     1%          4    N/A
d - Force Lance           Conj/Tloc      ####....     10%         4    N/A
e - Fulminant Prism       Conj/Hex       ####......   10%         4    N/A
f - Dazzling Spray        Conj/Hex       ####..       2%          3    N/A

Dungeon Overview and Level Annotations

Branches:
Dungeon (9/15)             Temple (1/1) D:5            Lair (1/6) D:9
    Orc: D:9-12

Altars:
Ashenzari
Cheibriados
Dithmenos
Elyvilon
Fedhas
Gozag
Kikubaaqudgha
Okawaru
Trog
Uskayaw
Vehumet
Wu Jian
Xom
Zin
The Shining One

Shops:
D:5 }   D:7 *

Annotations:
D:8 Phroggus's ghost, novice DrCK


Innate Abilities, Weirdness & Mutations

You do not eat or drink.
Your flesh is vulnerable to fire.
You are immune to poison.
Your flesh is cold resistant. (rC+)
You are immune to negative energy. (rN+++)
You are immune to unholy pain and torment.
You can survive without breathing.


Message History

The seven-headed hydra bites you.
The seven-headed hydra barely misses you.
Casting: Force Lance
Confirm with . or Enter, or press ? or * to list all spells.
Aiming: Force Lance
Press: ? - help, Shift-Dir - straight line, f/p - seven-headed hydra
Aim: a seven-headed hydra (severely wounded)
The lance of force hits the seven-headed hydra.
The seven-headed hydra is almost dead.
The seven-headed hydra bites you!
* * * LOW HITPOINT WARNING * * *
The seven-headed hydra bites you but does no damage.
The seven-headed hydra bites you!
* * * LOW HITPOINT WARNING * * *
The seven-headed hydra closely misses you.
The seven-headed hydra bites you.
* * * LOW HITPOINT WARNING * * *
The seven-headed hydra bites you!
You die...
Your body crumbles into a pile of gold.

...###....##.#### #..# #.#
..# ##.....#### #.## #.# .
##..⌠....## #.# ##.#
#.#..#.#.####.##.#.#
####...#.............##
#................####.#..
#.#.P##.#........#.........
#.#.###.##D....#..#..####..
####.#.##..##.@...##..#.#.##
#>..........###.####.......#
..###.#.P##### ### #..##..##
.........# ### ##..###.#
#.###...## ###.####...P##..#
#...#####.##..##P.........
#...........#......#...###
#.#...######..#######..##
###...# #### .>.#


You could see a seven-headed hydra.

Vanquished Creatures
  A hydra (Lair:1)
  Pikel (D:9)
  Maurice (D:8)
  A spiny frog (Lair:1)
  Grinder (D:5)
  3 hippogriffs (D:9)
  Sigmund (D:4)
  3 wraiths
  4 yaks
  A steam dragon (D:9)
  A water moccasin (Lair:1)
  2 hell hounds (D:9)
  2 porcupines (Lair:1)
  Duvessa (D:5)
  3 orc warriors
  3 slaves (D:9)
  3 ice beasts
  2 sky beasts
  4 ogres
  A necrophage (D:9)
  2 centaurs
  2 big kobolds (D:8)
  Blork the orc (D:5)
  5 bullfrogs
  A gnoll sergeant (D:7)
  Dowan (D:5)
  A scorpion (D:4)
  6 killer bees
  2 howler monkeys (D:8)
  5 crimson imps
  A bullfrog zombie (D:8)
  6 orc priests
  A hound (D:8)
  Crazy Yiuf (D:5)
  A bullfrog skeleton (D:5)
  A gnoll shaman (D:7)
  3 iguanas
  10 orc wizards
  8 worker ants
  A hound skeleton (D:5)
  A worker ant zombie (D:7)
  13 gnolls
  A river rat (D:5)
  5 adders
  A shadow imp (D:5)
  An adder skeleton (D:7)
  3 adder zombies
  4 worms
  A dart slug (D:4)
  4 leopard geckos
  44 orcs
  12 giant cockroaches
  7 goblins
  4 hobgoblins
  2 jackals (D:7)
  13 kobolds
  2 quokkas
  5 ball pythons
  12 bats
  8 frilled lizards
  A giant cockroach zombie (D:3)
  A quokka skeleton (D:5)
  A quokka zombie (D:4)
  16 rats
  A rat zombie (D:4)
261 creatures vanquished.

Vanquished Creatures (others)
  9 fulminant prisms
  2 plants (Lair:1)
11 creatures vanquished.

Grand Total: 272 creatures vanquished

Notes
Turn   | Place    | Note
-------+----------+-------------------------------------------
     0 | D:1      | KnobCreek the Mummy Conjurer began the quest for the Orb.
     0 | D:1      | Reached XP level 1. HP: 13/13 MP: 4/4
   334 | D:1      | Reached XP level 2. HP: 19/19 MP: 3/5
   338 | D:1      | Learned a level 2 spell: Searing Ray
  1114 | D:2      | Reached skill level 4 in Conjurations
  1114 | D:2      | Reached XP level 3. HP: 20/24 MP: 0/7
  1602 | D:2      | Found an ancient bone altar of Kikubaaqudgha.
  1616 | D:2      | Found an ornate altar of the Wu Jian Council.
  1618 | D:2      | Found a snail-covered altar of Cheibriados.
  1618 | D:2      | Found a glowing silver altar of Zin.
  1618 | D:2      | Found an iron altar of Okawaru.
  1622 | D:2      | Found a shattered altar of Ashenzari.
  1624 | D:2      | Found a shimmering altar of Xom.
  1625 | D:2      | Found a bloodstained altar of Trog.
  1626 | D:2      | Found a shadowy altar of Dithmenos.
  1955 | D:2      | Reached XP level 4. HP: 30/30 MP: 4/9
  2465 | D:3      | Learned a level 4 spell: Iskenderun's Mystic Blast
  2470 | D:3      | Learned a level 4 spell: Force Lance
  2869 | D:3      | Reached XP level 5. HP: 35/35 MP: 4/11
  3578 | D:3      | Reached skill level 5 in Conjurations
  3860 | D:4      | Reached skill level 5 in Spellcasting
  3897 | D:4      | Reached XP level 6. HP: 41/41 MP: 4/13
  3957 | D:4      | Found a sand-covered staircase.
  4100 | D:4      | Noticed Sigmund
  4510 | D:4      | Killed Sigmund
  4749 | D:4      | Found a blossoming altar of Fedhas.
  4817 | D:4      | Reached XP level 7. HP: 46/46 MP: 10/17
  4870 | D:4      | Learned a level 4 spell: Fulminant Prism
  4891 | D:4      | Learned a level 3 spell: Dazzling Spray
  4985 | D:4      | Reached skill level 6 in Conjurations
  5282 | D:5      | Entered Level 5 of the Dungeon
  5336 | D:5      | Found a staircase to the Ecumenical Temple.
  5351 | Temple   | Entered the Ecumenical Temple
  5406 | Temple   | Became a worshipper of Gozag Ym Sagoz the Greedy
  5516 | D:5      | Noticed Blork the orc
  5526 | D:5      | Killed Blork the orc
  5639 | D:5      | Found a glowing drain.
  5668 | Sewer    | Entered a sewer
  5932 | Sewer    | Reached XP level 8. HP: 43/52 MP: 12/20
  6235 | D:5      | Noticed Grinder
  6245 | D:5      | Paralysed by Grinder for 5 turns
  6254 | D:5      | Killed Grinder
  6379 | D:5      | Found Cunla's Gadget Shop.
  6667 | D:5      | Noticed Duvessa
  6667 | D:5      | Noticed Dowan
  6690 | D:5      | Reached skill level 7 in Conjurations
  6749 | D:5      | Killed Duvessa
  6754 | D:5      | Killed Dowan
  7202 | D:5      | Found a runed door.
  7207 | D:5      | Noticed Crazy Yiuf
  7212 | D:5      | Killed Crazy Yiuf
  7874 | D:6      | Found a snail-covered altar of Cheibriados.
  7905 | D:6      | Reached skill level 10 in Spellcasting
  8178 | D:6      | Reached XP level 9. HP: 5/58 MP: 0/23
  8655 | D:7      | Reached skill level 1 in Fighting
  8655 | D:7      | Reached skill level 8 in Conjurations
 10200 | D:7      | Reached skill level 9 in Conjurations
 10272 | D:7      | Found the +5 scythe "Finisher" {speed, Str+3}
 10390 | D:8      | Noticed Phroggus's ghost (novice DrCK)
 11119 | D:8      | Noticed Maurice
 11899 | D:8      | Killed Maurice
 12159 | D:7      | Bought a dyed leather armour for 185 gold pieces
 12159 | D:7      | Bought a scroll labeled NOINLOYZYE for 37 gold pieces
 12371 | D:8      | Reached XP level 10. HP: 52/73 MP: 15/24
 12560 | D:8      | Reached skill level 5 in Fighting
 13106 | D:9      | Reached skill level 10 in Conjurations
 13929 | D:9      | Found a staircase to the Lair.
 14712 | D:9      | Noticed Pikel
 14720 | D:9      | Killed Pikel
 14967 | D:9      | Found a white marble altar of Elyvilon.
 15084 | Lair:1   | Entered Level 1 of the Lair of Beasts
 15143 | Lair:1   | Noticed a four-headed hydra
 15150 | Lair:1   | Noticed a spiny frog
 15155 | Lair:1   | Killed a four-headed hydra
 15155 | Lair:1   | Reached skill level 11 in Conjurations
 15155 | Lair:1   | Reached XP level 11. HP: 73/86 MP: 6/25
 15369 | Lair:1   | Noticed a seven-headed hydra
 15385 | Lair:1   | Mangled by a seven-headed hydra

Vault maps used:
D:1:      matt_arrival_refuge, serial_forest, infiniplex_forest_corner_1,
          infiniplex_forest_straight_2, infiniplex_forest_zigzag_1,
          infiniplex_forest_diagonal, infiniplex_forest_zigzag_2,
          infiniplex_forest_lined_ring, infiniplex_forest_clump_curved,
          infiniplex_forest_join, st_stairs_3
D:2:      minitemple
D:3:      first_bread
D:4:      nicolae_overflow_hidden_temple, enter_ossuary_4, uniq_sigmund
D:5:      minmay_temple_entry_junction_2, serial_shops, shop,
          portal_sewer_entry_b, minivault_26, uniq_crazy_yiuf_cottage,
          uniq_blork_the_orc, uniq_duvessa, uniq_grinder
D:6:      lemuel_tele_altar
D:7:      minmay_guarded_unrand_finisher
D:8:      blue_anna_alchemist, uniq_maurice
D:9:      lemuel_crystal_altar, minmay_lair_entry_lava, uniq_pikel
Temple:   minmay_temple_curvy_loop
Lair:1:   minmay_stone_trees_small, cheibrodos_lair_caveside_slide,
          beast_lair_carwin_4, grunt_megastairs_4, serial_bayou_shore_a
Sewer:    sewer_frog_island_01

Skill      XL: |  1  2  3  4  5  6  7  8  9 10 |
---------------+-------------------------------+-----
Spellcasting   | 3 4 5 6 8 10 | 10.0
Conjurations   | 4 5 6 7 9 11 | 11.1
Fighting       | 4 8 |  8.3
Dodging        | |  1.5
Stealth        | |  1.5

Action                   |  1- 3 |  4- 6 |  7- 9 | 10-12 || total
-------------------------+-------+-------+-------+-------++-------
Melee: War axe           |    24 |    10 |       |       ||    34
       Dagger            |     2 |       |       |       ||     2
       Long sword        |       |    26 |    32 |       ||    58
       Short sword       |       |       |     7 |       ||     7
       Scythe            |       |       |    45 |    57 ||   102
       Spear             |       |       |    15 |       ||    15
 Fire: Blowgun           |       |     1 |    18 |       ||    19
 Cast: Magic Dart        |    83 |    85 |   153 |    28 ||   349
       Searing Ray       |     1 |    13 |    54 |    36 ||   104
       Force Lance       |       |       |    10 |     6 ||    16
       Iskenderun's Myst |       |       |    17 |     6 ||    23
       Fulminant Prism   |       |       |     3 |     6 ||     9
Invok: Call Merchant     |       |       |     1 |       ||     1
Evoke: Wand              |       |       |     1 |     2 ||     3
  Use: Scroll            |     5 |     2 |     6 |     2 ||    15
 Stab: Sleeping          |       |     1 |     1 |       ||     2
       Distracted        |       |       |       |     1 ||     1
Armor: Robe              |    17 |    27 |    67 |       ||   111
       Leather armour    |       |       |     6 |    48 ||    54
Dodge: Dodged            |    41 |    51 |   161 |    79 ||   332
       Rpst.: Long sword |       |    13 |    28 |       ||    41

Table legend:
 A = Spawn XP
 B = Non-spawn XP
 C = Spawn XP percentage of total XP
 D = Spawn monster count
 E = Non-spawn monster count
 F = Spawn count percentage of total count
 G = Total turns spent on level
                    A         B        C        D         E        F      G
               +---------+---------+-------+---------+---------+-------+---------
         Total |       0 |   11607 |   0.0 |       0 |     258 |   0.0 | 15385
               +---------+---------+-------+---------+---------+-------+---------
           D:1 |       0 |      23 |   0.0 |       0 |      17 |   0.0 |   805
           D:2 |       0 |     125 |   0.0 |       0 |      24 |   0.0 |  1653
           D:3 |       0 |     158 |   0.0 |       0 |      31 |   0.0 |  1447
           D:4 |       0 |     684 |   0.0 |       0 |      17 |   0.0 |  1377
           D:5 |       0 |     898 |   0.0 |       0 |      26 |   0.0 |  1364
           D:6 |       0 |    1008 |   0.0 |       0 |      15 |   0.0 |  1713
           D:7 |       0 |    1054 |   0.0 |       0 |      27 |   0.0 |  3090
           D:8 |       0 |    1857 |   0.0 |       0 |      33 |   0.0 |  1217
           D:9 |       0 |    3756 |   0.0 |       0 |      44 |   0.0 |  1790
        Lair:1 |       0 |    1827 |   0.0 |       0 |       5 |   0.0 |   301
         Sewer |       0 |     217 |   0.0 |       0 |      19 |   0.0 |   549
               +---------+---------+-------+---------+---------+-------+---------
